 Dungeon Crawl Stone Soup version 0.30.0-30-g96aa6591b8 (webtiles) character file.

Game seed: 8192830899190705838

49 Peloso the Trooper (level 3, 0/33 HPs)
             Began as a Minotaur Fighter on June 26, 2023.
             Slain by a gnoll
             ... wielding a +0 club
              (5 damage)
             ... on level 1 of the Dungeon.
             The game lasted 00:01:23 (919 turns).

Peloso the Trooper (Minotaur Fighter)                Turns: 919, Time: 00:01:23

Health: 0/33       AC:  7    Str: 17 (20) XL:     3   Next: 51%
Magic:  2/2        EV:  9    Int:  3 (5)  God:
Gold:   15         SH:  4    Dex: 10 (11) Spells: 2/2 levels left

rFire   . . .        a - +0 long sword
rCold   . . .        c - +0 buckler
rNeg    . . .        b - +0 scale mail
rPois   .            (helmet restricted)
rElec   .            (no cloak)
rCorr   .            (no gloves)
SInv    .            (no boots)
Will    .....        (no amulet) Stlth
                     (no ring)
HPRegen 0.25/turn    (no ring)
MPRegen 0.08/turn

%: no passive effects
@: no status effects
A: horns 2, retaliatory headbutt
a: no special abilities


You were on level 1 of the Dungeon.
You visited 1 branch of the dungeon, and saw 2 of its levels.

You collected 15 gold pieces.

Inventory:

Hand Weapons
 a - a +0 long sword (weapon)
Armour
 b - a +0 scale mail (worn)
 c - a +0 buckler (worn)
Scrolls
 g - a scroll of amnesia {unknown}
 h - a scroll of immolation {unknown}
Potions
 d - 2 potions of might


   Skills:
 + Level 4.2 Fighting
 + Level 3.4 Long Blades
 + Level 4.1 Armour
 + Level 4.0 Shields


You had 2 spell levels left.
You didn't know any spells.
Your spell library was empty.

Dungeon Overview and Level Annotations

Branches:
Dungeon (2/15)

Altars:


Innate Abilities, Weirdness & Mutations

You have a pair of horns on your head.
You reflexively headbutt those who attack you in melee.


Message History

The gnoll hits you with a +0 club. The gnoll barely misses you.
You block the gnoll's attack.
A kobold comes into view. It is wielding a +0 dagger.
The gnoll hits you with a +0 club.
The gnoll hits you from afar with a +0 spear!
The gnoll barely misses you. You furiously retaliate!
You headbutt the gnoll!
The gnoll hits you from afar with a +0 halberd.
You climb upwards.
There is a stone staircase leading down here.
Unknown command.
You hit the gnoll. Your headbutt misses the gnoll.
The gnoll is lightly wounded.
You block the gnoll's attack.
The gnoll hits you but does no damage. x2
You block the gnoll's attack.
Unknown command.
You completely miss the gnoll.
The gnoll is lightly wounded.
You block the gnoll's attack. x2
Unknown command.
You hit the gnoll but do no damage. You headbutt the gnoll!
The gnoll is severely wounded.
The gnoll hits you with a +0 whip. x2
Unknown command.
You slash the gnoll!
You kill the gnoll!
The gnoll hits you but does no damage.
Your Long Blades skill increases to level 3!
Unknown command.
You closely miss the gnoll.
The gnoll is almost dead.
The gnoll hits you with a +0 whip!
* * * LOW HITPOINT WARNING * * *
You block the gnoll's attack.
You hit the gnoll.
You kill the gnoll!
You feel your dexterity returning.
You hit the gnoll. Your headbutt misses the gnoll.
The gnoll is almost dead.
The gnoll hits you with a +0 club.
You die...

.#.#...#
#...#.#.#
#....[#.#
#.#....#
#.#.#.#.##
###.###.#
†#.#...#
#.#.#....## #.#
#.# #.###.##
#)#.#.....#####.#
#.# .#.##.#
#.#.#...........#
#.# #.###.#
#.#.#......##.###
#.# . #.#
#..........##.#
#.# #.#
##.(###)#####.#
#.# #.# #.## #@#
#.# #.# #.# #.#
#g#####.#####.#
#.# #.#
#.............#
#.# #.#
#######.#######
#.# #># #.# ##.##
#.# #.#
#...####.# #.#
#........# #.#
#...####.# #.#


You could see a gnoll.

Vanquished Creatures
  2 gnolls (D:1)
  4 giant cockroaches (D:1)
  2 goblins (D:1)
  6 hobgoblins (D:1)
  3 jackals (D:1)
  4 kobolds
  A quokka (D:1)
  2 ball pythons (D:1)
  A bat (D:1)
25 creatures vanquished.

Notes
Turn   | Place    | Note
-------+----------+-------------------------------------------
     0 | D:1      | Peloso the Minotaur Fighter began the quest for the Orb.
     0 | D:1      | Reached XP level 1. HP: 19/19 MP: 0/0
   162 | D:1      | Reached XP level 2. HP: 24/27 MP: 1/1
   573 | D:1      | Reached XP level 3. HP: 30/33 MP: 2/2
   919 | D:1      | Slain by a gnoll

Illustrated notes

Levels and vault maps discovered:
D:1:      dpeg_arrival_prison, layout_loops_ring, minivault_23
D:2:      layout_loops_cross, uniq_natasha

Skill      XL: |  1  2  3 |
---------------+----------+-----
Fighting       | 4 |  4.2
Armour         | 4 |  4.1
Shields        | 4 |  4.0
Long Blades    | 3 |  3.4

Action                     || total
---------------------------++-------
  Melee: Long sword        ||    67
         Headbutt          ||     3
    Use: Potion            ||     3
 Armour: Scale mail        ||    36
  Dodge: Dodged            ||    36
  Block: Buckler           ||    20
